Map: Catalyst LE

Players

Bly

  • Race: Zerg Zerg
  • Spawn Location: 11:00

Rail - Winner!

  • Race: Protoss Protoss
  • Spawn Location: 5:00

Event: WESG Barcelona European Finals 2017

VOD

Have the link to the VOD?

Description

Time

  • Played on: Nov. 23, 2017, 9:55 a.m.
  • Length: 23:50

All games in this series

Show
View Real Time Build Order
Export as new Build Order

Bly Zerg 

Build Orders: Hatch First, Lurkers 

Get SALT Encoding   

  12  0:01  Drone  
  13  0:12  Overlord  
  13  0:17  Drone  
  14  0:30  Drone x2  
  16  0:49  Hatchery  
  15  0:56  Drone x2  
  17  0:59  Drone  
  18  1:07  Extractor  
  17  1:16  Spawning Pool  
  16  1:19  Drone  
  16  1:22  Drone  
  18  1:33  Drone  
  18  1:39  Overlord  
  19  1:55  Drone  
  20  2:02  Queen x2  
  20  2:03  Zergling x4  
  26  2:11  Metabolic Boost  
  26  2:13  Drone  
  27  2:18  Drone  
  28  2:27  Drone x2  
  30  2:37  Drone x2  
  32  2:54  Drone x3  
  32  2:57  Queen, Hatchery  
  36  3:03  Overlord  
  36  3:13  Overlord  
  36  3:21  Drone x4  
  36  3:22  Drone x3  
  43  3:33  Queen  
  45  3:36  Overlord  
  45  3:50  Drone x7  
  52  3:55  Queen  
  52  4:01  Overlord  
  52  4:02  Overlord  
  54  4:14  Overlord  
  54  4:18  Drone x4  
  54  4:19  Overlord x2  
  57  4:25  Extractor  
  57  4:26  Roach Warren  
  57  4:30  Overlord  
  52  4:36  Evolution Chamber  
  52  4:37  Drone x4  
  52  4:38  Drone  
  56  4:39  Queen  
  56  4:41  Queen  
  60  4:51  Drone x4  
  63  4:54  Extractor  
  63  4:55  Overlord  
  60  5:07  Roach  
  60  5:08  Roach x7  
  76  5:16  Spore Crawler  
  76  5:17  Spore Crawler  
  76  5:18  Spore Crawler  
  73  5:24  Zergling x12  
  79  5:31  Zergling x10  
  84  5:36  Zergling x6  
  84  5:37  Zergling x2  
  90  5:51  Zergling x2  
  90  5:52  Zergling x10  
  90  5:55  Ravager x2  
  90  5:56  Ravager  
  98  5:57  Ravager  
  97  6:04  Overlord  
  97  6:05  Queen  
  97  6:06  Lair, Queen  
  97  6:10  Zergling x2  
  97  6:11  Zergling x2  
  100  6:13  Overlord  
  95  6:26  Zergling x10  
  96  6:38  Zergling x6  
  93  6:43  Zergling x4, Queen x2  
  93  6:56  Zergling x2, Drone  
  93  6:57  Zergling x4  
  91  7:05  Zergling x2  
  91  7:06  Zergling x4  
  91  7:09  Hatchery  
  91  7:13  Zerg Missile Weapons Level 1  
  91  7:14  Glial Reconstitution  
  91  7:15  Extractor  
  83  7:16  Zergling x6  
  78  7:24  Zergling x12  
  82  7:31  Drone x2  
  78  7:43  Zergling x6  
  66  7:54  Drone x7  
  66  7:57  Hydralisk Den  
  69  8:01  Roach x2  
  70  8:10  Drone x3  
  72  8:17  Overseer  
  72  8:23  Roach x4  
  72  8:26  Drone  
  81  8:27  Baneling Nest  
  79  8:38  Drone x5  
  79  8:39  Drone x4  
  84  8:43  Drone x3  
  84  8:44  Extractor  
  84  8:46  Extractor  
  84  8:47  Lurker Den, Ravager x6  
  88  9:02  Drone x4  
  92  9:03  Drone x2  
  92  9:04  Queen  
  96  9:10  Roach  
  96  9:11  Roach x4  
  106  9:18  Centrifical Hooks  
  106  9:20  Zerg Melee Weapons Level 1  
  106  9:21  Hydralisk x5  
  116  9:33  Overlord x3  
  116  9:34  Overlord x2  
  116  9:40  Hydralisk  
  118  9:48  Spine Crawler  
  118  9:49  Spine Crawler  
  118  9:50  Spine Crawler  
  118  9:51  Hydralisk x3  
  121  9:53  Infestation Pit  
  121  9:55  Drone x3  
  123  10:04  Overseer  
  123  10:15  Overseer  
  123  10:19  Lurker x5  
  123  10:20  Lurker  
  129  10:21  Drone x2  
  129  10:22  Drone x8  
  129  10:23  Drone x5  
  129  10:25  Extractor x2  
  142  10:36  Drone  
  142  10:37  Drone x5, Spore Crawler  
  142  10:39  Overlord  
  142  10:40  Spine Crawler  
  142  10:41  Spine Crawler, Spore Crawler  
  146  10:42  Lurker  
  146  10:43  Lurker x2  
  147  10:51  Hydralisk x2  
  147  10:53  Overlord  
  147  10:54  Overlord x2  
  151  11:00  Hydralisk x3  
  157  11:11  Hydralisk x6  
  157  11:16  Hive  
  169  11:28  Zergling x2  
  169  11:29  Zergling x14  
  177  11:41  Hydralisk x2  
  177  11:42  Hydralisk  
  177  11:46  Hatchery  
  180  11:50  Baneling x16  
  180  11:52  Zergling x6  
  183  11:58  Overlord x2  
  183  11:59  Zerg Melee Weapons Level 2  
  145  12:16  Hydralisk x7  
  133  12:27  Hydralisk x7  
  133  12:28  Hydralisk x3  
  133  12:29  Hydralisk  
  140  12:35  Zergling x14  
  145  12:41  Spore Crawler  
  145  12:43  Lurker x2  
  146  12:51  Hydralisk x4  
  146  12:55  Zergling x8  
  146  12:57  Baneling x5  
  158  12:59  Queen x2  
  158  13:01  Zergling x4  
  164  13:23  Zergling x18  
  164  13:25  Lurker  
  164  13:26  Lurker x3  
  176  13:29  Zergling x2, Queen x2  
  181  13:34  Baneling x9, Queen  
  175  13:43  Zergling x2  
  175  13:44  Zergling x10  
  168  14:05  Hydralisk x3  
  168  14:06  Hydralisk x5  
  153  14:11  Hydralisk  
  153  14:12  Hydralisk x2  
  157  14:19  Zergling x10  
  157  14:20  Overseer  
  162  14:33  Muscular Augments, Adaptive Talons  
  162  14:35  Zergling x20  
  162  14:38  Hatchery  
  171  15:02  Extractor x2  
  171  15:03  Overseer  
  168  15:07  Hatchery  
  168  15:09  Zergling x24  
  168  15:10  Zergling x4  
  181  15:20  Lurker x2  
  183  15:23  Overlord x2  
  183  15:24  Zerg Missile Weapons Level 2  
  183  15:25  Hatchery  
  182  15:43  Baneling  
  182  15:44  Baneling x10  
  182  15:45  Zergling x2  
  182  15:46  Zergling x20  
  193  15:58  Zergling x10  
  188  16:07  Zergling x12  
  188  16:08  Adrenal Glands  
  194  16:12  Spire  
  194  16:16  Spine Crawler  
  194  16:17  Zergling x2, Spine Crawler  
  194  16:18  Zergling x12  
  147  16:26  Hydralisk x7  
  147  16:29  Baneling x8  
  147  16:30  Hydralisk  
  147  16:31  Hydralisk  
  160  16:39  Hydralisk  
  160  16:40  Hydralisk x4  
  170  16:50  Baneling x3  
  170  16:51  Baneling x6  
  170  16:53  Lurker  
  170  16:54  Baneling x4  
  171  16:57  Lurker  
  135  17:11  Zergling x2  
  135  17:12  Zergling x34  
  131  17:29  Corruptor  
  131  17:30  Greater Spire, Corruptor x2  
  137  17:40  Baneling x10  
  137  17:43  Queen  
  125  17:54  Zergling x6, Overseer  
  128  18:02  Extractor  
  128  18:04  Extractor  
  125  18:08  Baneling  
  125  18:09  Baneling x3  
  125  18:10  Lurker x5  
  125  18:11  Zergling x10  
  128  18:38  Zergling x2  
  128  18:39  Zergling x14  
  122  18:45  Brood Lord x3  
  121  18:50  Baneling x7  
  120  18:59  Zergling x18  
  120  19:00  Zergling x4  
  108  19:09  Zergling x2  
  101  19:10  Zergling x12  
  96  19:21  Hydralisk, Zergling x10  
  83  19:38  Hydralisk x4  
  70  20:00  Hydralisk x6  
  81  20:22  Baneling x4  
  81  20:23  Baneling x2  
  81  20:30  Hydralisk x6  
  81  20:35  Extractor  
  92  20:40  Lurker x2  
  92  20:41  Lurker  
  95  20:49  Hydralisk  
  95  20:50  Hydralisk  
  74  21:20  Hatchery  
  73  21:30  Lurker  
  71  21:50  Drone x3  
  74  21:54  Infestor  
  76  22:14  Infestor  
  70  22:39  Infestor  
  69  23:27  Hatchery  
Show
View Real Time Build Order
Export as new Build Order

Rail Protoss - Winner!

Build Orders: 1 Gate Expand, Oracle Opening, Phoenix Opening 

Get SALT Encoding   

  12  0:00  Probe (Chrono Boost)  
  13  0:13  Probe (Chrono Boost)  
  14  0:16  Probe  
  15  0:21  Pylon  
  15  0:39  Probe  
  15  0:40  Gateway  
  16  0:44  Assimilator  
  16  0:52  Probe  
  17  1:04  Probe (Chrono Boost)  
  18  1:16  Probe (Chrono Boost)  
  19  1:22  Nexus  
  19  1:32  Cybernetics Core  
  19  1:35  Probe  
  19  1:39  Assimilator  
  20  1:47  Probe  
  20  1:51  Pylon  
  21  1:59  Probe (Chrono Boost)  
  22  2:09  Adept  
  22  2:11  Probe (Chrono Boost)  
  25  2:20  Probe (Chrono Boost)  
  26  2:25  Stargate  
  26  2:26  Probe (Chrono Boost)  
  27  2:33  Warp Gate  
  27  2:35  Probe (Chrono Boost)  
  30  2:44  Pylon  
  30  2:46  Probe x2 (Chrono Boost)  
  30  2:49  Probe  
  30  2:50  Stalker  
  33  2:53  Probe  
  34  3:01  Gateway, Probe  
  34  3:05  Probe  
  36  3:10  Phoenix (Chrono Boost)  
  38  3:15  Probe  
  38  3:18  Pylon  
  39  3:21  Probe  
  39  3:27  Probe  
  41  3:28  Oracle (Chrono Boost)  
  41  3:33  Probe  
  45  3:39  Probe  
  46  3:42  Gateway  
  46  3:45  Probe  
  47  3:50  Forge  
  47  3:54  Assimilator  
  48  3:56  Probe (Chrono Boost)  
  48  3:57  Probe (Chrono Boost), Assimilator  
  48  4:00  Pylon  
  49  4:09  Probe x2 (Chrono Boost)  
  51  4:10  Pylon  
  51  4:11  Probe  
  51  4:16  Probe  
  53  4:27  Probe  
  54  4:36  Protoss Ground Weapons Level 1  
  54  4:38  Sentry x2, Adept  
  56  4:41  Probe x2  
  56  4:44  Pylon  
  62  4:47  Nexus  
  62  4:53  Probe  
  62  4:58  Probe  
  62  4:59  Pylon  
  64  5:04  Sentry x3  
  70  5:07  Robotics Facility  
  70  5:12  Probe x2  
  72  5:16  Pylon  
  72  5:18  Gateway  
  72  5:19  Gateway  
  72  5:21  Shield Battery  
  72  5:23  Pylon  
  72  5:24  Probe  
  72  5:26  Probe  
  74  5:37  Probe, Pylon  
  74  5:39  Stalker  
  74  5:40  Stalker x2  
  81  5:46  Pylon  
  81  5:50  Twilight Council  
  81  5:56  Pylon  
  81  6:01  Immortal (Chrono Boost)  
  85  6:05  Sentry  
  85  6:07  Sentry, Shield Battery  
  85  6:10  Sentry  
  91  6:12  Probe x2  
  91  6:15  Shield Battery  
  93  6:19  Shield Battery  
  93  6:21  Adept x2  
  90  6:25  Probe  
  90  6:27  Probe  
  79  6:35  Immortal (Chrono Boost)  
  68  6:41  Stalker x2  
  68  6:43  Stalker  
  69  6:49  Sentry  
  69  6:53  Probe  
  68  6:59  Probe, Stalker  
  71  7:04  Probe  
  71  7:07  Zealot x3  
  78  7:09  Probe  
  78  7:13  Probe, Immortal (Chrono Boost)  
  82  7:16  Probe  
  82  7:20  Zealot  
  81  7:23  Sentry  
  81  7:27  Zealot x2  
  81  7:28  Zealot  
  87  7:31  Probe x2  
  83  7:37  Probe  
  83  7:41  Zealot  
  83  7:42  Immortal  
  84  7:47  Zealot  
  84  7:50  Probe x2  
  86  7:54  Sentry, Zealot  
  86  7:55  Probe  
  91  8:02  Probe x2  
  93  8:07  Protoss Ground Weapons Level 2 (Chrono Boost)  
  93  8:08  Probe (Chrono Boost)  
  93  8:10  Zealot x3  
  100  8:15  Probe (Chrono Boost), Assimilator  
  100  8:18  Probe (Chrono Boost)  
  103  8:21  Probe (Chrono Boost)  
  103  8:22  Sentry  
  103  8:23  Zealot  
  103  8:24  Blink  
  103  8:26  Probe (Chrono Boost), Observer  
  109  8:31  Probe  
  108  8:37  Zealot x2  
  108  8:40  Assimilator  
  108  8:41  Probe  
  112  8:43  Probe  
  112  8:49  Pylon  
  112  8:51  Immortal (Chrono Boost)  
  112  8:55  Pylon  
  116  8:58  Probe x2  
  116  9:02  Gateway  
  118  9:03  Pylon  
  118  9:10  Sentry  
  118  9:14  Robotics Bay  
  120  9:17  Zealot x3, Stalker  
  128  9:26  Immortal  
  132  9:36  Pylon  
  132  9:45  Robotics Facility  
  132  9:49  Templar Archives  
  132  9:54  Gateway  
  132  9:56  Gateway  
  132  9:57  Gateway  
  132  9:59  Protoss Ground Weapons Level 3 (Chrono Boost)  
  132  10:04  Photon Cannon  
  132  10:05  Immortal (Chrono Boost)  
  136  10:07  Shield Battery  
  136  10:16  Charge (Chrono Boost)  
  136  10:19  Pylon x2  
  136  10:20  Photon Cannon  
  136  10:23  Observer  
  136  10:28  High Templar x2, Zealot x3  
  138  10:29  Zealot  
  138  10:33  Archon  
  152  10:37  Pylon x2  
  154  10:43  Immortal (Chrono Boost)  
  154  10:46  Immortal (Chrono Boost)  
  156  10:50  Psionic Storm  
  156  11:08  Zealot  
  156  11:09  High Templar x2, Zealot x4  
  156  11:10  Zealot x2  
  174  11:12  Warp Prism  
  174  11:15  Archon  
  177  11:18  Observer  
  177  11:22  Pylon  
  177  11:33  Nexus  
  177  11:35  Zealot x2  
  182  11:40  Observer  
  182  11:41  High Templar x2, Pylon, Zealot  
  182  11:42  Zealot  
  190  11:50  Zealot x2  
  194  11:55  Photon Cannon, Archon  
  180  12:10  Zealot x3  
  180  12:11  Zealot x2  
  180  12:12  Zealot x2  
  138  12:17  Zealot  
  138  12:18  Observer  
  122  12:27  High Templar  
  114  12:32  High Templar, Zealot x5  
  124  12:38  Archon  
  124  12:39  High Templar  
  124  12:40  High Templar  
  124  12:41  Immortal  
  126  12:45  Archon  
  126  12:56  Sentry, Observer  
  126  12:57  Zealot  
  126  12:58  Zealot x3  
  137  13:12  Assimilator x2  
  137  13:16  High Templar x2, Zealot x2  
  137  13:17  Observer  
  146  13:20  Immortal, Zealot x2  
  146  13:21  Archon  
  154  13:30  High Templar x2, Zealot  
  154  13:34  Archon  
  160  13:38  Immortal  
  154  13:45  Sentry, Zealot  
  154  13:46  Zealot x2  
  162  13:48  Zealot x2  
  162  13:50  Zealot  
  168  13:57  Oracle  
  159  14:04  Zealot  
  159  14:05  Zealot  
  159  14:06  Zealot x3  
  133  14:13  High Templar x2, Zealot x2  
  137  14:17  Archon  
  133  14:25  Immortal x2 (Chrono Boost)  
  133  14:30  Sentry, Zealot x4  
  151  14:37  Sentry, Zealot  
  155  14:52  Zealot  
  155  14:53  Zealot x2  
  155  14:54  Zealot  
  155  14:55  Colossus (Chrono Boost)  
  169  15:04  Immortal (Chrono Boost)  
  173  15:09  High Templar  
  173  15:10  High Templar, Zealot x2  
  181  15:15  Archon  
  181  15:20  High Templar x2  
  181  15:21  Zealot x2  
  189  15:27  Zealot  
  189  15:28  Archon  
  191  15:32  Protoss Shields Level 1 (Chrono Boost)  
  191  15:35  Zealot x2  
  195  16:03  Immortal  
  173  16:07  High Templar x2  
  173  16:08  High Templar x3, Zealot  
  173  16:09  Zealot x3  
  187  16:24  Archon x2  
  161  16:28  Observer  
  161  16:31  High Templar  
  161  16:32  High Templar, Zealot x2  
  170  16:39  Archon  
  170  16:41  Zealot x2  
  170  16:42  Observer, Zealot  
  170  16:46  High Templar x2  
  179  16:50  Archon  
  179  16:52  Zealot x2  
  181  16:54  Immortal  
  185  17:04  Observer  
  150  17:15  Zealot x3  
  114  17:16  Zealot x4  
  114  17:20  Sentry x2  
  130  17:25  Observer  
  131  17:35  High Templar x3  
  131  17:36  High Templar, Zealot  
  141  17:38  Zealot x3  
  141  17:44  Probe x3  
  133  17:49  Probe  
  133  17:55  High Templar x2, Zealot  
  139  18:05  High Templar x2, Zealot  
  144  18:06  Archon  
  144  18:11  Immortal  
  148  18:23  Zealot x3  
  148  18:24  Zealot  
  156  18:29  Zealot x2  
  158  18:39  High Templar x2, Zealot  
  144  18:43  Archon  
  126  18:50  Probe x2  
  126  18:59  Archon  
  126  19:00  Zealot x2  
  126  19:01  Zealot x2  
  93  19:18  High Templar x2, Zealot x3  
  93  19:24  Archon  
  99  19:31  Archon  
  97  19:32  Stalker x2  
  95  20:00  High Templar x2, Stalker x2  
  95  20:02  Zealot, Stalker  
  107  20:10  Stalker  
  109  20:26  Stalker x3  
  115  20:34  Zealot  
  117  20:40  Stalker  
  117  20:42  Sentry  
  121  20:45  Stalker  
  121  21:11  High Templar, Stalker x2  
  121  21:12  Stalker x2  
  131  21:32  Stalker x3  
  137  21:43  Stalker x2  
  137  21:51  Stalker  
  139  22:01  Stalker  
  141  22:29  High Templar  
  139  22:54  High Templar, Stalker x3  
  139  22:55  Stalker x2  
  145  23:29  Nexus  
Tags
 
Add a new tag
Caveats
  • Supply blocks, unpowered buildings, or Contaminate may cause inaccurate times.
  • Supply counts are checked every 10 seconds.